 Dungeon Crawl Stone Soup version 0.25-a0-1024-gbfbf38f2cb (webtiles) character file.

Game seed: 15579774086569038298, levelgen mode: deterministic

204 Flugslaktarn the Skirmisher (level 5, -4/85 HPs)
             Began as an Ogre Berserker on May 12, 2020.
             Was a Priest of Trog.
             Slain by Sigmund
             ... wielding a +0 scythe
              (14 damage)
             ... on level 3 of the Dungeon.
             The game lasted 00:01:44 (3273 turns).

Flugslaktarn the Skirmisher (Ogre Berserker)        Turns: 3273, Time: 00:01:45

Health: -4/85      AC:  3    Str: 21    XL:     5   Next: 82%
Magic:  5/5        EV: 10    Int:  8    God:    Trog [***...]
Gold:   108        SH:  4    Dex:  7    Spells: 4/4 levels left

rFire    . . .     SeeInvis .   a - +0 mace
rCold    . . .     Gourm    .   (no shield)
rNeg     . . .     Faith    .   b - +0 animal skin
rPois    +         Spirit   .   (helmet restricted)
rElec    .         Reflect  .   (no cloak)
rCorr    .         Harm     .   (gloves unavailable)
MR       .....     Clarity  +   (boots unavailable)
Stlth    ..........             (no amulet)
HPRegen  0.24/turn              o - ring of poison resistance
MPRegen  0.09/turn              (no ring)

@: berserking, very quick
A: large, unfitting armour, large bone plates 1, blink, clarity, clumsy 1, tough
skin 1, MP-powered wands
a: Blink, Berserk, Trog's Hand, Renounce Religion


You were on level 3 of the Dungeon.
You worshipped Trog.
Trog was most pleased with you.
You were hungry.

You visited 1 branch of the dungeon, and saw 3 of its levels.

You collected 108 gold pieces.

Inventory:

Hand Weapons
 a - a +0 mace (weapon)
Armour
 b - a +0 animal skin (worn)
Jewellery
 o - a ring of poison resistance (left hand)
   (You found it on level 1 of the Dungeon)
Scrolls
 g - a scroll of fog {unknown}
 h - a scroll of fear
 m - 2 scrolls of enchant armour
 r - a scroll of identify
Potions
 d - 2 potions of lignification
 f - a potion of berserk rage
Comestibles
 c - 2 chunks of flesh
 e - 3 rations


   Skills:
 + Level 5.3 Fighting
 * Level 4.5 Maces & Flails
 + Level 3.6 Dodging


You had 4 spell levels left.
You didn't know any spells.
Your spell library was empty.

Dungeon Overview and Level Annotations

Branches:
Dungeon (3/15)

Altars:
Fedhas
The Shining One

Annotations:
D:2 exclusion: oklob plant
D:3 Sigmund


Innate Abilities, Weirdness & Mutations

You are too large for most types of armour.
You have tough skin. (AC +1)
You are partially covered in large bone plates. (SH +4)
You can translocate small distances at will.
You possess an exceptional clarity of mind.
You are clumsy. (Dex -2)
You expend magic power (3 MP) to strengthen your wands.


Message History

Something hits you.
* * * LOW HITPOINT WARNING * * *
You sock the bat!
You kill the bat!
Trog accepts your kill. The orc hits you but does no damage.
You barely miss the orc.
The kobold throws a stone.
The stone closely misses you. Something hits you but does no damage.
You closely miss the orc. The orc barely misses you.
You barely miss the orc. You block the orc's attack. Something hits you!
* * * LOW HITPOINT WARNING * * *
You closely miss the orc. The orc barely misses you. The orc hits you.
* * * LOW HITPOINT WARNING * * *
You sock the orc!
You kill the orc!
Trog accepts your kill. Something completely misses you.
The orc hits you but does no damage.
You barely miss the orc. You block the orc's attack.
You closely miss the orc. Something hits you!
You die...

####.#..# #.<#
#...(##.# #.##
#.#### # #.#
....# ##.#
..#.# ##..#
###...
...##.(### #
####.....^..##
# #.##>.##(.#
# #.# ##@# #
... #)o{...# #
#..# ###K.....
# # #.# #.####
..# <. .# ..#
# ..# ..# ..#


You could see an orc and a kobold.

Vanquished Creatures
  A scorpion (D:2)
  Jessica (D:2)
  3 adders
  An ooze (D:1)
  2 worms (D:2)
  A dart slug (D:2)
  3 leopard geckos
  9 orcs (D:3)
  3 ball pythons
  5 goblins
  10 hobgoblins
  15 kobolds
  A quokka (D:3)
  12 bats
  4 frilled lizards (D:1)
  7 rats
78 creatures vanquished.

Notes
Turn   | Place    | Note
-------+----------+-------------------------------------------
     0 | D:1      | Flugslaktarn the Ogre Berserker began the quest for the
                  | Orb.
     0 | D:1      | Reached XP level 1. HP: 24/24 MP: 1/1
   145 | D:1      | Reached XP level 2. HP: 13/32 MP: 2/2
   668 | D:1      | Reached XP level 3. HP: 40/40 MP: 3/3
  1086 | D:2      | Reached ** piety under Trog
  1501 | D:2      | Found a glowing golden altar of the Shining One.
  1549 | D:2      | Noticed a scorpion
  1561 | D:2      | Reached XP level 4. HP: 40/49 MP: 4/4
  1767 | D:2      | Reached skill level 5 in Fighting
  1804 | D:2      | Reached XP level 5. HP: 26/57 MP: 5/5
  2222 | D:2      | Found a blossoming altar of Fedhas.
  2247 | D:2      | Noticed an oklob plant
  2375 | D:2      | Noticed Jessica
  2381 | D:2      | Killed Jessica
  2978 | D:3      | Reached *** piety under Trog
  3196 | D:3      | Gained mutation: You are partially covered in large bone
                  | plates. (SH +4) [potion of mutation]
  3196 | D:3      | Gained mutation: You are frail. (-10% HP) [potion of
                  | mutation]
  3196 | D:3      | Gained mutation: You have sharp toenails. [potion of
                  | mutation]
  3196 | D:3      | Gained mutation: Your flesh is heat resistant. (rF+)
                  | [potion of mutation]
  3197 | D:3      | Lost mutation: You are frail. (-10% HP) [potion of
                  | mutation]
  3197 | D:3      | Lost mutation: You have sharp toenails. [potion of
                  | mutation]
  3197 | D:3      | Lost mutation: Your flesh is heat resistant. (rF+) [potion
                  | of mutation]
  3197 | D:3      | Gained mutation: You expend magic power (3 MP) to
                  | strengthen your wands. [potion of mutation]
  3197 | D:3      | Gained mutation: You can translocate small distances at
                  | will. [potion of mutation]
  3197 | D:3      | Gained mutation: You are clumsy. (Dex -2) [potion of
                  | mutation]
  3197 | D:3      | Gained mutation: You possess an exceptional clarity of
                  | mind. [potion of mutation]
  3254 | D:3      | Noticed Sigmund
  3273 | D:3      | Slain by Sigmund

Illustrated notes

Levels and vault maps discovered:
D:1:      dpeg_arrival_tiny_b, layout_basic
D:2:      layout_loops_ring, tso_altar, tgw_fedhas, first_ration, uniq_jessica
D:3:      layout_rooms, minmay_diced_spiral, uniq_sigmund

Skill      XL: |  1  2  3  4 |
---------------+-------------+-----
Maces & Flails | 3 4 |  4.5
Dodging        | 3 |  3.6
Fighting       | 5 |  5.3

Action                   |  1- 3 |  4- 6 || total
-------------------------+-------+-------++-------
Melee: Mace              |   118 |   122 ||   240
Invok: Berserk           |     3 |     5 ||     8
  Use: Scroll            |       |     7 ||     7
       Potion            |       |     2 ||     2
  Eat: Chunk             |     5 |     6 ||    11
       Ration            |       |     1 ||     1
Armor: Animal skin       |    42 |    41 ||    83
Dodge: Dodged            |    90 |    87 ||   177
Block: Other             |       |     7 ||     7

Table legend:
 A = Non-vault XP
 B = Vault XP
 C = Vault XP percentage of total XP
 D = Non-vault monster count
 E = Vault monster count
 F = Vault count percentage of total count
                 A         B        C        D         E       F
            +---------+---------+-------+---------+---------+-------
      Total |     235 |      57 |  19.5 |      72 |       6 |   7.7
            +---------+---------+-------+---------+---------+-------
        D:1 |      45 |       0 |   0.0 |      24 |       0 |   0.0
        D:2 |     130 |      50 |  27.8 |      25 |       2 |   7.4
        D:3 |      60 |       7 |  10.4 |      23 |       4 |  14.8
            +---------+---------+-------+---------+---------+-------
